 Dungeon Crawl Stone Soup version 0.21-a0-498-g1b60429 (webtiles) character file.

1567 mortelune the Conjurer (level 8, -4/68 HPs)
             Began as a Purple Draconian Conjurer on Nov 24, 2017.
             Was a Believer of Vehumet.
             Shot with an arrow by a centaur (8 damage)
             ... on level 8 of the Dungeon.
             The game lasted 00:34:39 (7625 turns).

mortelune the Conjurer (Purple Draconian Conjurer)  Turns: 7625, Time: 00:34:39

Health: -4/68      AC:  9    Str: 10    XL:     8   Next: 59%
Magic:  6/18       EV: 12    Int: 18    God:    Vehumet [**....]
Gold:   363        SH:  0    Dex: 16    Spells: 12/21 levels left

rFire    . . .     SeeInvis .   B - +7 mace of Peril {freeze, Fragile rElec Dex+4}
rCold    . . .     Gourm    .   (no shield)
rNeg     . . .     Faith    .   (armour unavailable)
rPois    .         Spirit   .   (helmet restricted)
rElec    +         Reflect  .   c - +2 cloak {MR+}
rCorr    .         Harm     .   (no gloves)
MR       ++...                  (no boots)
Stlth    ++........             (no amulet)
HPRegen  0.21/turn              (no ring)
MPRegen  0.16/turn              (no ring)

@: no status effects
A: breathe power, unfitting armour, cold-blooded, AC +6
a: Breathe Dispelling Energy, Renounce Religion


You were on level 8 of the Dungeon.
You worshipped Vehumet.
Vehumet was pleased with you.
You were not hungry.

You visited 1 branch of the dungeon, and saw 7 of its levels.
You also visited: Ossuary.

You collected 363 gold pieces.

Inventory:

Hand Weapons
 g - a +0 spear
 m - a +0 hunting sling
 v - a +0 dagger of venom
 B - the +7 mace of Peril (weapon) {freeze, Fragile rElec Dex+4}
   (You found it on level 5 of the Dungeon)

   It has been specially enchanted to freeze those struck by it, causing extra
   injury to most foes and up to half again as much damage against particularly
   susceptible opponents.
   It can also slow down cold-blooded creatures.
   It affects your dexterity (+4).
   It insulates you from electricity.
   It will be destroyed if unequipped.
Armour
 c - a +2 cloak of magic resistance (worn)
 f - a +2 cloak
Jewellery
 u - an uncursed ring of stealth {unknown}
Wands
 e - a wand of polymorph (8)
 C - a wand of iceblast (7)
Scrolls
 d - a scroll of enchant weapon {unknown}
 h - 3 scrolls of teleportation
 i - 8 scrolls of remove curse
 p - 2 scrolls of blinking {unknown}
 q - 3 scrolls of immolation
 s - a scroll of fog
 w - a scroll of fear {unknown}
 y - 2 scrolls of magic mapping
 z - a scroll of random uselessness {unknown}
 F - a scroll of enchant armour {unknown}
Potions
 l - a potion of invisibility
 n - 2 potions of lignification
 o - 3 potions of agility
 r - 3 potions of degeneration
 t - a potion of brilliance
 x - 3 potions of curing
 A - a potion of flight
 D - a potion of mutation {unknown}
Books
 a - a book of Conjurations

   Spells                             Type                      Level
   a - Magic Dart                     Conjuration                  1
   b - Searing Ray                    Conjuration                  2
   c - Dazzling Spray                 Conjuration/Hexes            3
   d - Fulminant Prism                Conjuration/Hexes            4
   e - Force Lance                    Conjuration/Translocation    4
   f - Iskenderun's Mystic Blast      Conjuration                  4
Comestibles
 b - 4 bread rations
 j - 3 meat rations
 k - a royal jelly
 E - 2 chunks of flesh


   Skills:
 + Level 5.2 Fighting
 - Level 1.7 Dodging
 - Level 1.7 Stealth
 + Level 7.0 Spellcasting
 + Level 7.3 Conjurations
 + Level 4.1 Fire Magic


You had 12 spell levels left.
You knew the following spells:

 Your Spells              Type           Power        Failure   Level  Hunger
a - Magic Dart            Conj           ####         1%          1    None
b - Dazzling Spray        Conj/Hex       ###...       7%          3    ##.....
c - Flame Tongue          Conj/Fire      ####.        1%          1    None
d - Force Lance           Conj/Tloc      ###.....     24%         4    ####...


Dungeon Overview and Level Annotations

Branches:
Dungeon (6/15)
 Temple: D:4-7

Altars:
Gozag
Hepliaklqana
Nemelex Xobeh
Ru
Vehumet
Yredelemnul

Annotations:
D:4 Sigmund
D:8 1 runed door


Innate Abilities, Weirdness & Mutations

You can breathe bolts of dispelling energy.
Your rich purple scales are hard. (AC +6)
You cannot fit into any form of body armour.
You are cold-blooded and may be slowed by cold attacks.


Message History

The black bear is moderately wounded.
The black bear misses you. The black bear claws you. x2
You sock the black bear! You freeze the black bear.
The black bear is almost dead.
The black bear bites you but does no damage.
The black bear claws you. x2; The black bear closely misses you.
The black bear claws you.
The black bear claws you but does no damage.
You sock the black bear! You freeze the black bear.
You kill the black bear!
Vehumet accepts your kill.
Your Spellcasting skill increases to level 7!
Your Fire Magic skill increases to level 4!
You start resting.
A centaur comes into view.
The centaur shouts!
The centaur warrior shouts!
The centaur warrior shoots an arrow.
The arrow hits you!!
* * * LOW HITPOINT WARNING * * *
The centaur wields a shortbow.
The centaur shoots an arrow.
The arrow hits you!
You die...

....# .. .....# ...
.....# .... ..c..#
####.#.. ....##
##....... ...##
##.....c.. ###......#
#...<....# #
#..#@##..## .#
#...##.##...# ..###
#..####....#(###......
........c....((.......o
.#####.....(..........#
#...)....###......#
.....).....# ......#
?..........## #......
#..........# ......


You could see a centaur warrior and a centaur.

Vanquished Creatures
  Menkaure (D:5)
  A black bear (D:8)
  A sky beast (D:8)
  A necrophage (D:8)
  A centaur (D:8)
  An elf zombie (Ossuary)
  Blork the orc (D:5)
  A bullfrog (D:8)
  2 crimson imps
  3 hounds
  5 centaur zombies
  Crazy Yiuf (D:5)
  An orc priest (D:4)
  2 orc wizards
  A centaur skeleton (D:5)
  Ijyb (D:5)
  5 worker ants
  An ogre zombie (Ossuary)
  A hound skeleton (D:8)
  7 mummies (Ossuary)
  5 adders
  7 adder zombies
  A worm (D:5)
  3 dart slugs
  4 leopard geckos
  16 orcs
  A ball python (D:3)
  4 giant cockroaches
  A gnoll zombie (Ossuary)
  3 goblins
  9 hobgoblins
  10 kobolds
  A quokka (D:2)
  9 bats
  6 frilled lizards
  3 goblin zombies (Ossuary)
  A hobgoblin zombie (Ossuary)
  7 kobold zombies (Ossuary)
  An orc zombie (Ossuary)
  A quokka skeleton (D:5)
  A quokka zombie (Ossuary)
  5 rats
  4 rat zombies (Ossuary)
141 creatures vanquished.

Notes
Turn   | Place    | Note
-------+----------+-------------------------------------------
     0 | D:1      | mortelune the Draconian Conjurer began the quest for the Orb.
     0 | D:1      | Reached XP level 1. HP: 14/14 MP: 3/3
   188 | D:1      | Reached XP level 2. HP: 17/20 MP: 1/5
   878 | D:2      | Reached XP level 3. HP: 26/26 MP: 2/7
  1169 | D:2      | Found a hazy altar of Hepliaklqana.
  1574 | D:2      | Learned a level 3 spell: Dazzling Spray
  1614 | D:3      | Found a sacrificial altar of Ru.
  1620 | D:3      | Reached skill level 5 in Conjurations
  1620 | D:3      | Reached XP level 4. HP: 33/33 MP: 0/9
  2409 | D:3      | Found a basalt altar of Yredelemnul.
  2438 | D:3      | Found a radiant altar of Vehumet.
  2445 | D:3      | Became a worshipper of Vehumet
  2825 | D:4      | Reached XP level 5. HP: 38/38 MP: 6/10
  2877 | D:4      | Reached skill level 1 in Fighting
  3399 | D:4      | Noticed Sigmund
  3430 | D:4      | Reached XP level 6. HP: 31/48 MP: 4/12
  4035 | D:5      | Entered Level 5 of the Dungeon
  4146 | D:5      | Found a sand-covered staircase.
  4152 | Ossuary  | Entered an ossuary
  4229 | Ossuary  | Reached * piety under Vehumet
  4229 | Ossuary  | Offered knowledge of Flame Tongue by Vehumet.
  4232 | Ossuary  | Learned a level 1 spell: Flame Tongue
  4237 | Ossuary  | Learned a level 4 spell: Force Lance
  4600 | Ossuary  | Reached skill level 1 in Fire Magic
  5024 | Ossuary  | Offered knowledge of Freeze by Vehumet.
  5070 | Ossuary  | Your scales start taking on a rich purple colour.
  5070 | Ossuary  | Reached skill level 5 in Spellcasting
  5070 | Ossuary  | Reached XP level 7. HP: 34/57 MP: 0/15
  5662 | D:5      | Noticed Menkaure
  5670 | D:5      | Killed Menkaure
  5670 | D:5      | Reached ** piety under Vehumet
  5916 | D:5      | Found a runed door.
  5921 | D:5      | Noticed Crazy Yiuf
  5932 | D:5      | Killed Crazy Yiuf
  5939 | D:5      | Got a faintly glowing mace
  6159 | D:5      | Identified the +7 mace of Peril {freeze, Fragile rElec Dex+4} (You found it on level 5 of the Dungeon)
  6634 | D:5      | Noticed Blork the orc
  6650 | D:5      | Killed Blork the orc
  6783 | D:5      | Noticed Ijyb
  6800 | D:5      | Killed Ijyb
  6918 | D:6      | Reached XP level 8. HP: 61/66 MP: 10/17
  7077 | D:6      | Found an opulent altar of Gozag.
  7125 | D:6      | Found a sparkling altar of Nemelex Xobeh.
  7145 | D:6      | You fall through a shaft for 2 floors!
  7145 | D:8      | Found a runed door.
  7338 | D:8      | Noticed a centaur warrior
  7464 | D:8      | Reached skill level 5 in Fighting
  7625 | D:8      | Shot with an arrow by a centaur

Vault maps used:
D:1:      tarquinn_simple_flora_water_e, serial_glass, glass_columns_b,
          glass_columns_b
D:2:      lemuel_crystal_altar
D:3:      nicolae_ru_great_annihilating_truth, old_standard_altar,
          lemuel_crystal_altar
D:4:      first_bread, uniq_sigmund
D:5:      nicolae_ossuary_entry_plus, uniq_menkaure, uniq_blork_the_orc,
          uniq_ijyb, uniq_crazy_yiuf_cottage
D:6:      nemelex_xobeh_ov_fountains_minmay, minmay_temple_entry_overgrown,
          nicolae_gozag_seed_capital
D:8:      cheibrodos_histonic, lemuel_doored_altar, david_lair_shrubbed,
          grunt_livestock, makhleb_blood_cavern_becter
Ossuary:  ossuary_boxes_badplayer

Skill      XL: |  1  2  3  4  5  6  7  8 |
---------------+-------------------------+-----
Spellcasting   | 3 4 5 6 7 |  7.0
Conjurations   | 5 6 7 |  7.3
Fighting       | 2 3 4 5 |  5.2
Fire Magic     | 1 3 4 |  4.1
Dodging        | |  1.7
Stealth        | |  1.7

Action                   |  1- 3 |  4- 6 |  7- 9 || total
-------------------------+-------+-------+-------++-------
Melee: Unarmed           |     7 |       |       ||     7
       Tailslap          |     4 |     5 |     5 ||    14
       Spear             |    16 |    54 |       ||    70
       Dagger            |       |    13 |       ||    13
       Mace              |       |       |    40 ||    40
 Cast: Magic Dart        |    75 |   179 |   160 ||   414
       Dazzling Spray    |     2 |     8 |     7 ||    17
       Flame Tongue      |       |    33 |     9 ||    42
 Abil: Breathe Dispellin |       |       |     3 ||     3
  Use: Scroll            |       |    12 |     4 ||    16
       Potion            |       |     3 |     3 ||     6
 Stab: Sleeping          |     1 |     1 |       ||     2
       Invisible         |     1 |     2 |       ||     3
  Eat: Chunk             |     3 |     9 |     7 ||    19
       Royal jelly       |       |     1 |       ||     1
       Fruit             |       |       |     2 ||     2
Armor: Skin              |     7 |    42 |    64 ||   113
Dodge: Dodged            |    15 |    75 |    89 ||   179

Table legend:
 A = Spawn XP
 B = Non-spawn XP
 C = Spawn XP percentage of total XP
 D = Spawn monster count
 E = Non-spawn monster count
 F = Spawn count percentage of total count
 G = Total turns spent on level
                    A         B        C        D         E        F      G
               +---------+---------+-------+---------+---------+-------+---------
         Total |       0 |    2239 |   0.0 |       0 |     141 |   0.0 |  7625
               +---------+---------+-------+---------+---------+-------+---------
           D:1 |       0 |      27 |   0.0 |       0 |      15 |   0.0 |   853
           D:2 |       0 |      66 |   0.0 |       0 |      24 |   0.0 |   731
           D:3 |       0 |      97 |   0.0 |       0 |      16 |   0.0 |  1233
           D:4 |       0 |     217 |   0.0 |       0 |      17 |   0.0 |  1218
           D:5 |       0 |     502 |   0.0 |       0 |      17 |   0.0 |  1376
           D:6 |       0 |      99 |   0.0 |       0 |       3 |   0.0 |   283
           D:8 |       0 |     754 |   0.0 |       0 |      12 |   0.0 |   480
       Ossuary |       0 |     477 |   0.0 |       0 |      37 |   0.0 |  1451
               +---------+---------+-------+---------+---------+-------+---------
